 Dungeon Sprint DCSS version 0.21.1-1-g345015f (webtiles) character file.

5294 tyranidshit the Warrior (level 10, -19/118 HPs)
             Began as a Demonspawn Abyssal Knight on July 26, 2018.
             Was the Champion of Lugonu.
             Demolished by an orc knight
             ... wielding a +0 dire flail
              (22 damage)
             ... in the Dungeon (Sprint IX: "|||||||||||||||||||||||||||||").
             The game lasted 00:09:23 (906 turns).

tyranidshit the Warrior (Demonspawn Abyssal Knight)  Turns: 906, Time: 00:09:24

Health: -19/118    AC: 25    Str: 15    XL:     10   Next: 37%
Magic:  17/17      EV:  7    Int: 19    God:    Lugonu [******]
Gold:   698        SH:  0    Dex: 16    Spells: 9/9 levels left

rFire    + . .     SeeInvis .   q - +1 broad axe of the Madman {vamp, rF+ Str-3 Int+4 Dex+4}
rCold    . . .     Gourm    .   (no shield)
rNeg     . . .     Faith    .   b - +0 plate armour
rPois    .         Spirit   .   E - +0 helmet
rElec    .         Reflect  .   n - +2 cloak
rCorr    .         Harm     .   (no gloves)
MR       .....     NoTele   +   p - +2 pair of boots
Stlth    ..........             (no amulet)
HPRegen  0.29/turn              l - +2 ring of evasion
MPRegen  0.15/turn              m - +3 ring of strength

@: berserk cooldown, slowed, very slow
A: rugged brown scales 3, mutation resistance 1, powered by death 1, robust 1,
spiny 2, no potion heal 1
a: Bend Space, Banish, Corrupt, Brand Weapon With Distortion, Renounce Religion


You were in the Dungeon.
You worshipped Lugonu.
Lugonu was exalted by your worship.
You were not hungry.

You visited 1 branch You collected 698 gold pieces.

Inventory:

Hand Weapons
 a - a +1 hand axe
 q - the +1 broad axe of the Madman (weapon) {vamp, rF+ Str-3 Int+4 Dex+4}
   (You found it in the Dungeon)

   It inflicts no extra harm, but heals its wielder when it wounds a living foe.
   It affects your strength (-3).
   It affects your intelligence (+4).
   It affects your dexterity (+4).
   It protects you from fire.
 r - a +2 halberd of protection
 s - a +2 morningstar of protection
 t - a +4 quarterstaff of speed
 u - a +2 rapier of venom
 v - a +2 scimitar of flaming
Armour
 b - a +0 plate armour (worn)
 n - a +2 cloak (worn)
 o - a +1 chain mail
 p - a +2 pair of boots (worn)
 E - a +0 helmet (worn)
Magical Staves
 w - an uncursed staff of energy
 y - an uncursed staff of wizardry
Jewellery
 l - a +2 ring of evasion (left hand)
 m - a +3 ring of strength (right hand)
Wands
 k - a wand of acid (7)
Scrolls
 h - 4 scrolls of remove curse
 i - 2 scrolls of blinking
 j - 2 scrolls of amnesia
 B - a scroll of identify
 D - a scroll of fog
Potions
 d - 3 potions of curing
 e - 2 potions of heal wounds
 f - a potion of invisibility
 g - 4 potions of magic
 x - 2 potions of brilliance
 z - a potion of agility
Comestibles
 C - 9 rations


   Skills:
 + Level 17.3 Fighting
 - Level 9.3 Axes
 - Level 9.3 Armour
 - Level 0.8 Dodging
 - Level 9.4 Invocations
 - Level 6.9 Evocations


You had 9 spell levels left.
You didn't know any spells.

Dungeon Overview and Level Annotations

Branches:
Dungeon (1/1)

Altars:
Cheibriados
Dithmenos
Elyvilon
Fedhas
Gozag
Hepliaklqana
Kikubaaqudgha
Makhleb
Nemelex Xobeh
Okawaru
Qazlal
Ru
Sif Muna
Trog
Uskayaw
Vehumet
Wu Jian
Xom
Yredelemnul
Zin
The Shining One
Beogh
Jiyva
Lugonu


Innate Abilities, Weirdness & Mutations

You are completely covered in rugged brown scales. (AC +3, +7% HP)
You regenerate a little health from kills.
You are mostly covered in sharp spines.
You are somewhat resistant to further mutation.
You are robust. (+10% HP)
Potions are less effective at restoring your health.


Message History

The orc knight is lightly wounded.
The orc knight barely misses you.
The orc knight hits you with a dire flail!
* * * LOW HITPOINT WARNING * * *
An orc warrior comes into view. It is wielding a scimitar.
Unknown command.
Your plate armour prevents you from hitting the orc knight.
The orc knight is lightly wounded.
The orc knight hits you with a dire flail!!
* * * LOW HITPOINT WARNING * * *
The orc priest miscasts a cantrip.
You slash the orc knight!
The orc knight is moderately wounded.
The orc warrior no longer looks unusually strong. x2
The orc priest begins to cast a cantrip, but forgets the words!
The orc knight roars a battlecry!
The orc warriors go into a battle-frenzy!
The orc knight is struck by your spines.
The orc knight hits you with a dire flail!!
You die...

▓_▓.▓.▓.▓.▓
▓_▓.▓†▓.▓.▓
▓_▓.▓.▓.▓.▓
▓_▓.▓.▓.▓.▓
▓_▓.▓.▓.▓.▓
▓_▓.▓.▓.▓.▓
▓_▓.▓.▓.▓.▓
▓_▓.▓.▓.▓'▓
▓_▓.▓.▓.▓@▓
▓_▓.▓.▓.▓o▓
▓_▓.▓.▓.▓o▓
▓_▓.▓†▓.▓o▓
▓_▓.▓.▓.▓o▓
▓_▓.▓.▓.▓o▓
▓_▓.▓.▓.▓o▓
▓_▓.▓.▓.▓o▓
▓_▓.▓.▓.▓


You could see 2 orc knights, 4 orc warriors and an orc priest.

Vanquished Creatures
  A centaur warrior (D)
  A black mamba (D)
  A spiny frog (D)
  A tyrant leech (D)
  2 hippogriffs (D)
  A blink frog (D)
  A yak (D)
  3 vampire mosquitoes (D)
  5 water moccasins (D)
  2 porcupines (D)
  7 orc warriors (D)
  An eye of draining (D)
  A black bear (D)
  An ogre (D)
  A wolf (D)
  A crocodile (D)
  9 bullfrogs (D)
  4 orc wizards (D)
  2 orc priests (D)
  An adder (D)
  A shadow imp (D)
  An ooze (D)
  6 orcs (D)
  A bat (D)
  2 bat skeletons (D)
  A giant cockroach (D)
  2 hobgoblins (D)
  A kobold (D)
  A frilled lizard (D)
62 creatures vanquished.

Vanquished Creatures (others)
  A komodo dragon (D)
  A basilisk (D)
2 creatures vanquished.

Grand Total: 64 creatures vanquished

Notes
Turn   | Place    | Note
-------+----------+-------------------------------------------
     0 | D        | tyranidshit the Demonspawn Abyssal Knight began the quest for the Orb.
     0 | D        | Reached XP level 1. HP: 18/18 MP: 2/2
    12 | D        | Reached ** piety under Lugonu
    12 | D        | Reached skill level 4 in Fighting
    50 | D        | Noticed an orc wizard
    53 | D        | Reached *** piety under Lugonu
    53 | D        | Reached skill level 5 in Fighting
    53 | D        | Gained mutation: You are partially covered in rugged brown scales. (AC +1, +3% HP) [demonic ancestry]
    53 | D        | Reached XP level 2. HP: 27/27 MP: 3/3
    61 | D        | Reached skill level 7 in Fighting
    61 | D        | Gained mutation: You are mostly covered in rugged brown scales. (AC +2, +5% HP) [demonic ancestry]
    61 | D        | Reached XP level 3. HP: 23/37 MP: 4/4
    64 | D        | Reached **** piety under Lugonu
    72 | D        | Found a roughly hewn altar of Beogh.
    72 | D        | Found a snail-covered altar of Cheibriados.
    72 | D        | Found a shadowy altar of Dithmenos.
    72 | D        | Found a white marble altar of Elyvilon.
    72 | D        | Found a blossoming altar of Fedhas.
    72 | D        | Found an opulent altar of Gozag.
    73 | D        | Found a hazy altar of Hepliaklqana.
    74 | D        | Found a viscous altar of Jiyva.
    75 | D        | Found an ancient bone altar of Kikubaaqudgha.
    76 | D        | Found a corrupted altar of Lugonu.
    77 | D        | Found a burning altar of Makhleb.
    78 | D        | Found a sparkling altar of Nemelex Xobeh.
    79 | D        | Found an iron altar of Okawaru.
    80 | D        | Found a stormy altar of Qazlal.
    81 | D        | Found a sacrificial altar of Ru.
    82 | D        | Found a deep blue altar of Sif Muna.
    83 | D        | Found a bloodstained altar of Trog.
    84 | D        | Found a hide-covered altar of Uskayaw.
    85 | D        | Found a radiant altar of Vehumet.
    86 | D        | Found an ornate altar of the Wu Jian Council.
    87 | D        | Found a shimmering altar of Xom.
    88 | D        | Found a basalt altar of Yredelemnul.
    89 | D        | Found a glowing silver altar of Zin.
    90 | D        | Found a glowing golden altar of the Shining One.
   132 | D        | Got the +1 broad axe of the Madman {vamp, rF+ Str-3 Int+4 Dex+4}
   206 | D        | Noticed a black bear
   206 | D        | Noticed an ogre
   206 | D        | Noticed a bullfrog
   206 | D        | Noticed an eye of draining
   214 | D        | Killed a black bear
   214 | D        | Reached skill level 5 in Invocations
   214 | D        | Reached XP level 4. HP: 32/45 MP: 0/8
   214 | D        | Gained mutation: You are partially covered in sharp spines. [demonic ancestry]
   214 | D        | Reached XP level 5. HP: 35/50 MP: 0/9
   218 | D        | Killed an ogre
   218 | D        | Reached skill level 5 in Armour
   218 | D        | Reached skill level 5 in Evocations
   221 | D        | Gained mutation: You are completely covered in rugged brown scales. (AC +3, +7% HP) [demonic ancestry]
   221 | D        | Reached XP level 6. HP: 34/58 MP: 1/12
   230 | D        | Reached ***** piety under Lugonu
   239 | D        | Noticed a centaur warrior
   239 | D        | Noticed a vampire mosquito
   243 | D        | Reached skill level 8 in Fighting
   244 | D        | Killed a centaur warrior
   244 | D        | Reached skill level 10 in Fighting
   244 | D        | Reached XP level 7. HP: 47/70 MP: 2/14
   244 | D        | Reached XP level 8. HP: 52/77 MP: 2/15
   376 | D        | Noticed a hippogriff
   376 | D        | Noticed a hippogriff
   376 | D        | Noticed a black mamba
   377 | D        | Gained mutation: You are robust. (+10% HP) [potion of mutation]
   377 | D        | Gained mutation: Potions are less effective at restoring your health. [potion of mutation]
   377 | D        | Gained mutation: You are somewhat resistant to further mutation. [potion of mutation]
   381 | D        | Killed a hippogriff
   381 | D        | Reached skill level 11 in Fighting
   382 | D        | Reached ****** piety under Lugonu
   383 | D        | Noticed a komodo dragon
   394 | D        | Killed a hippogriff
   404 | D        | Killed a black mamba
   404 | D        | Reached skill level 12 in Fighting
   404 | D        | Gained mutation: You regenerate a little health from kills. [demonic ancestry]
   404 | D        | Reached XP level 9. HP: 28/95 MP: 16/16
   408 | D        | Banished a komodo dragon
   416 | D        | Reached skill level 13 in Fighting
   541 | D        | Reached skill level 14 in Fighting
   568 | D        | Noticed a tyrant leech
   570 | D        | Reached skill level 15 in Fighting
   576 | D        | Noticed a spiny frog
   585 | D        | Killed a tyrant leech
   585 | D        | Gained mutation: You are mostly covered in sharp spines. [demonic ancestry]
   585 | D        | Reached XP level 10. HP: 99/114 MP: 17/17
   595 | D        | Killed a spiny frog
   595 | D        | Reached skill level 16 in Fighting
   827 | D        | Reached skill level 17 in Fighting
   875 | D        | Noticed an orc knight
   876 | D        | Noticed an orc knight
   905 | D        | HP: 2/118 [orc knight/dire flail (20)]
   906 | D        | Demolished by an orc knight

Skill      XL: |  1  2  3  4  5  6  7  8  9 10 |
---------------+-------------------------------+-----
Fighting       | 5 7 10 12 15 17 | 17.3
Armour         | 4 5 9 |  9.3
Invocations    | 5 8 9 |  9.4
Evocations     | 3 5 6 |  6.9
Axes           | 6 9 |  9.3
Dodging        | |  0.8

Action                   |  1- 3 |  4- 6 |  7- 9 | 10-12 || total
-------------------------+-------+-------+-------+-------++-------
Melee: Hand axe          |    33 |       |       |       ||    33
       Broad axe         |     8 |    20 |    82 |    73 ||   183
Invok: Banish            |       |       |     2 |       ||     2
Evoke: Wand              |       |     1 |     2 |       ||     3
  Use: Potion            |     2 |       |     5 |     2 ||     9
       Scroll            |       |       |     4 |       ||     4
  Eat: Ration            |     1 |       |       |     1 ||     2
       Chunk             |       |       |       |     1 ||     1
Armor: Leather armour    |     7 |       |       |       ||     7
       Chain mail        |    11 |     9 |    71 |    22 ||   113
       Plate armour      |       |       |       |     6 ||     6
Dodge: Dodged            |    23 |     5 |    37 |    16 ||    81
